Map: Ice and Chrome LE

Players

liquidthermy (uThermal) - Winner!

  • Race: Terran Terran
  • Spawn Location: 7:00

TLHarstem (Harstem)

  • Race: Protoss Protoss
  • League: Master
  • Spawn Location: 1:00

Event: DreamHack SC2 Masters 2020 Summer Europe

VOD

Have the link to the VOD?

Description

Time

  • Played on: June 24, 2020, 11:48 a.m.
  • Length: 7:49

All games in this series

Show
View Real Time Build Order
Export as new Build Order

liquidthermy Terran - Winner!

Build Orders:  

Get SALT Encoding   

  12  0:01  SCV  
  13  0:13  SCV  
  14  0:18  Supply Depot  
  14  0:25  SCV  
  15  0:40  SCV  
  15  0:41  Barracks  
  16  0:46  Refinery  
  16  0:52  SCV  
  16  0:56  Refinery  
  17  1:04  SCV  
  18  1:16  SCV  
  19  1:28  Orbital Command, Reaper  
  20  1:35  Supply Depot  
  20  1:44  Factory  
  20  1:54  SCV  
  21  2:00  Reaper  
  22  2:06  SCV  
  23  2:18  SCV  
  24  2:28  Command Center  
  24  2:29  Factory Reactor  
  24  2:30  SCV  
  24  2:33  Reaper  
  26  2:39  Supply Depot  
  26  2:42  SCV  
  26  2:53  Starport  
  26  2:54  SCV  
  27  3:06  Hellion x2, SCV  
  32  3:18  SCV  
  33  3:28  Hellion x2  
  38  3:37  Medivac  
  38  3:39  SCV  
  40  3:51  SCV  
  41  3:55  Factory Tech Lab, Barracks  
  41  3:57  Barracks  
  41  3:58  Orbital Command  
  41  4:03  SCV  
  41  4:07  Starport Tech Lab  
  42  4:15  SCV  
  46  4:19  Refinery, Cyclone  
  46  4:21  Supply Depot, Engineering Bay  
  47  4:24  SCV  
  47  4:28  SCV  
  48  4:32  Raven  
  48  4:33  Marine x2  
  48  4:36  SCV  
  53  4:40  Supply Depot  
  53  4:45  Marine  
  53  4:46  SCV  
  53  4:51  Marine  
  56  4:53  SCV  
  56  4:54  Marine  
  51  5:04  SCV  
  51  5:05  Supply Depot  
  52  5:07  Stimpack, Marauder  
  52  5:08  Factory Reactor, SCV  
  55  5:15  Terran Infantry Weapons Level 1  
  55  5:16  SCV  
  55  5:20  SCV  
  57  5:22  Marine x2  
  57  5:23  Marine  
  57  5:27  Supply Depot  
  57  5:28  Marine, SCV  
  61  5:32  SCV  
  63  5:41  Marauder, Marine  
  63  5:42  SCV  
  67  5:46  Marauder  
  67  5:47  Combat Shield, Command Center  
  67  5:49  SCV  
  70  5:52  Refinery  
  70  5:53  Marine, Medivac  
  70  5:55  SCV  
  73  6:00  Supply Depot  
  73  6:01  SCV  
  74  6:04  Marine  
  74  6:05  Marauder  
  74  6:07  Marine  
  74  6:08  SCV  
  79  6:11  Marine, Medivac  
  79  6:14  SCV  
  83  6:22  Marine, Barracks  
  83  6:23  SCV, Barracks  
  83  6:25  Marine  
  85  6:26  SCV  
  85  6:27  Marauder  
  85  6:30  Medivac  
  90  6:41  Marine, Medivac  
  90  6:43  Marine  
  90  6:44  SCV  
  90  6:46  Marauder  
  94  6:48  Marauder  
  94  6:52  Supply Depot  
  94  6:55  Concussive Shells  
  94  6:56  SCV  
  94  6:59  Marine  
  94  7:00  SCV  
  97  7:02  Marine  
  97  7:05  Medivac  
  97  7:07  Marauder  
  102  7:14  Marauder, Medivac  
  105  7:17  Marine  
  103  7:25  Marine  
  103  7:26  SCV  
Show
View Real Time Build Order
Export as new Build Order

TLHarstem Protoss 

Build Orders: 1 Gate Expand, Colossus Rush 

Get SALT Encoding   

  12  0:00  Probe  
  13  0:12  Probe  
  14  0:18  Pylon  
  14  0:24  Probe  
  15  0:33  Probe  
  15  0:37  Gateway  
  15  0:41  Probe  
  16  0:47  Assimilator  
  17  0:51  Probe  
  18  1:03  Probe  
  19  1:15  Probe  
  20  1:24  Cybernetics Core  
  20  1:33  Nexus  
  20  1:39  Pylon  
  20  1:41  Probe  
  21  1:47  Assimilator  
  21  1:50  Adept  
  21  1:53  Probe  
  22  2:00  Warp Gate  
  24  2:06  Probe  
  24  2:16  Probe  
  24  2:19  Stalker  
  26  2:24  Probe  
  27  2:32  Probe  
  28  2:45  Probe x2  
  28  2:47  Robotics Facility  
  30  2:52  Stalker  
  30  2:57  Probe x2  
  34  3:09  Probe  
  34  3:10  Gateway  
  34  3:12  Probe  
  36  3:14  Sentry  
  36  3:19  Shield Battery  
  36  3:21  Probe  
  36  3:24  Probe  
  40  3:33  Probe  
  40  3:35  Gateway  
  40  3:37  Pylon  
  40  3:43  Probe  
  40  3:45  Probe  
  42  3:50  Stalker  
  42  3:53  Observer  
  46  3:55  Probe  
  46  3:57  Probe  
  46  3:59  Pylon  
  47  4:05  Stalker  
  47  4:07  Probe  
  50  4:11  Pylon  
  50  4:20  Probe, Zealot  
  50  4:21  Probe, Pylon  
  54  4:26  Assimilator  
  54  4:31  Observer  
  54  4:33  Probe x2  
  54  4:34  Stalker  
  54  4:38  Zealot  
  61  4:41  Probe  
  61  4:45  Probe  
  63  4:46  Pylon  
  61  4:57  Probe  
  61  4:59  Probe  
  60  5:07  Probe  
  60  5:08  Probe  
  60  5:12  Robotics Bay  
  62  5:15  Nexus, Probe  
  62  5:17  Probe  
  64  5:23  Pylon  
  64  5:31  Stalker  
  64  5:34  Probe  
  67  5:39  Probe  
  68  5:44  Assimilator  
  68  5:46  Probe  
  68  5:48  Stalker x2  
  73  5:51  Probe  
  73  5:53  Colossus  
  74  5:58  Forge  
  74  5:59  Probe  
  74  6:00  Pylon  
  74  6:03  Probe  
  80  6:11  Probe  
  81  6:15  Probe, Pylon  
  82  6:19  Stalker  
  82  6:23  Probe  
  82  6:25  Adept  
  87  6:27  Probe  
  88  6:34  Probe  
  88  6:35  Probe  
  88  6:39  Colossus  
  91  6:40  Probe  
  91  6:46  Probe  
  92  6:47  Probe  
  92  6:51  Zealot  
  92  6:52  Probe  
  92  6:53  Zealot  
  96  6:57  Shield Battery  
  96  6:59  Sentry  
  99  7:01  Probe  
  99  7:08  Gateway x2  
  98  7:11  Probe  
  98  7:12  Assimilator, Zealot  
  101  7:16  Assimilator  
  101  7:17  Zealot  
  101  7:18  Probe  
  101  7:19  Probe  
  97  7:22  Pylon  
  97  7:26  Probe  
  97  7:28  Stalker  
Tags
 
Add a new tag
Caveats
  • Supply blocks, unpowered buildings, or Contaminate may cause inaccurate times.
  • Supply counts are checked every 10 seconds.